 Dungeon Crawl Stone Soup version 0.29.1-1-gd02db6906a (webtiles) character file.

Game seed: 3054973126645679493

112 GigaChad the Skirmisher (level 4, -1/38 HPs)
             Began as a Gnoll Hunter on Sept 21, 2022.
             Was a Believer of Nemelex Xobeh.
             Slain by a gnoll bouda
             ... wielding a +0 whip
              (4 damage)
             ... on level 4 of the Dungeon.
             The game lasted 00:07:12 (2417 turns).

GigaChad the Skirmisher (Gnoll Hunter)              Turns: 2417, Time: 00:07:15

Health: -1/38      AC: 11    Str: 11    XL:     4   Next: 93%
Magic:  6/6        EV: 13    Int:  8    God:    Nemelex Xobeh [**....]
Gold:   134        SH:  0    Dex: 17    Spells: 5/5 levels left

rFire   . . .      SeeInvis .   p - +2 mace (protect)
rCold   . . .      Faith    .   (no shield)
rNeg    . . .      Spirit   .   c - +1 leather armour
rPois   .          Reflect  .   (no helmet)
rElec   .          Harm     .   (no cloak)
rCorr   .          Rampage  .   (no gloves)
Will    .....                   (no boots)
Stlth   ++........              (no amulet)
HPRegen 0.12/turn               (no ring)
MPRegen 0.10/turn               (no ring)

@: weakened, under a protective aura
A: fangs 1, strong nose, distributed training
a: Renounce Religion, Draw Escape, Draw Destruction, Draw Summoning


You were on level 4 of the Dungeon.
You worshipped Nemelex Xobeh.
Nemelex Xobeh was pleased with you.
You visited 1 branch of the dungeon, and saw 4 of its levels.

You collected 134 gold pieces.

Inventory:

Hand Weapons
 a - a +0 shortbow
 e - a +0 short sword
 p - a +2 mace of protection (weapon)
Missiles
 d - 3 poisoned darts
Armour
 c - a +1 leather armour (worn)
 q - a +0 kite shield
Jewellery
 h - a ring of positive energy
 u - an amulet of regeneration
 v - an amulet of guardian spirit
Scrolls
 b - 3 scrolls of immolation
 g - 4 scrolls of teleportation
 i - a scroll of poison
 m - 4 scrolls of identify
 n - a scroll of magic mapping
 o - a scroll of butterflies
 r - a scroll of blinking {unknown}
 s - a scroll of brand weapon {unknown}
 t - a scroll of fear {unknown}
Potions
 f - 4 potions of lignification {unknown}
 j - a potion of haste {unknown}
 k - 3 potions of heal wounds {unknown}
 l - a potion of attraction {unknown}
 w - 2 potions of mutation {unknown}


   Skills:
 + Level 4.7 Fighting
 + Level 1.3 Short Blades
 + Level 1.3 Long Blades
 + Level 1.3 Axes
 + Level 1.3 Maces & Flails
 + Level 1.3 Polearms
 + Level 1.3 Staves
 + Level 8.6 Ranged Weapons
 + Level 1.3 Throwing
 + Level 1.3 Armour
 + Level 4.7 Dodging
 + Level 2.7 Stealth
 + Level 1.3 Shields
 + Level 1.3 Unarmed Combat
 + Level 1.3 Spellcasting
 + Level 1.1 Conjurations
 + Level 1.1 Hexes
 + Level 1.1 Summonings
 + Level 1.1 Necromancy
 + Level 1.1 Translocations
 + Level 1.1 Transmutations
 + Level 1.1 Fire Magic
 + Level 1.1 Ice Magic
 + Level 1.1 Air Magic
 + Level 1.1 Earth Magic
 + Level 1.1 Poison Magic
 + Level 1.5 Invocations
 + Level 1.3 Evocations


You had 5 spell levels left.
You didn't know any spells.
Your spell library contained the following spells:

 Spells                   Type           Power      Damage    Failure   Level
 Apportation              Tloc           4%         N/A       32%         1
 Necrotise                Necr           8%         1d4       32%         1
 Summon Small Mammal      Summ           8%         N/A       32%         1
 Ensorcelled Hibernation  Hex/Ice        4%         N/A       43%         2
 Passwall                 Tmut/Erth      1%         N/A       43%         2
 Swiftness                Air            2%         N/A       67%         3


Dungeon Overview and Level Annotations

Branches:
Dungeon (4/15)
 Temple: D:4-7

Altars:
Fedhas
Nemelex Xobeh

Shops:
D:1 =   D:2 !


Innate Abilities, Weirdness & Mutations

You have very sharp teeth.
Your uncanny sense of smell can sniff out nearby items.
Your experience applies equally to all skills.


Message History

You barely miss the gnoll. You bite the gnoll, but do no damage.
The gnoll hits you from afar with a +0 spear.
The gnoll bouda gazes fiercely through you!
You feel your attacks grow feeble. The gnoll bouda barely misses you.
The gnoll barely misses you. The gnoll completely misses you.
You hit the gnoll.
Your weapon exudes an aura of protection.
You bite the gnoll, but do no damage.
The gnoll is lightly wounded.
The gnoll bouda gazes fiercely through you!
You feel as though you will be weak longer.
The gnoll bouda completely misses you. The gnoll completely misses you.
The gnoll hits you from afar with a +0 spear.
The gnoll bouda hits you with a +0 whip!
* * * LOW HITPOINT WARNING * * *
You closely miss the gnoll.
The gnoll is lightly wounded.
The gnoll closely misses you. The gnoll hits you but does no damage.
The gnoll bouda barely misses you. The gnoll completely misses you.
You hit the gnoll but do no damage.
The gnoll is lightly wounded.
The gnoll misses you.
The gnoll bouda hits you but does no damage.
The gnoll closely misses you. The gnoll hits you but does no damage.
You hit the gnoll but do no damage. Your bite misses the gnoll.
The gnoll is lightly wounded.
The gnoll is no longer moving quickly.
The gnoll bouda barks out a call to the hunt!
The gnoll picks up the pace!
The gnoll barely misses you. The gnoll hits you but does no damage.
The gnoll bouda hits you but does no damage.
You hit the gnoll.
The gnoll is moderately wounded.
The gnoll misses you.
The gnoll hits you from afar with a +0 spear.
* * * LOW HITPOINT WARNING * * *
The gnoll bouda hits you with a +0 whip.
You die...
Your body glows slightly and disappears.

#.# ∆... ##+## #.#
##...# ##.###
##..... #..#.##
##......
#.#...####.......
##........'.......
#@g....####.......
#g#.#.## ##......
#lg.### ##.....
##.## ##...# #.#
##+## #.# ... ..#


You could see a gnoll bouda, an iguana and 2 gnolls.

Vanquished Creatures
  A gnoll (D:4)
  2 adders
  2 worms (D:3)
  3 dart slugs
  2 orcs (D:3)
  8 ball pythons
  11 bats
  4 endoplasms
  5 giant cockroaches
  7 goblins
  4 hobgoblins (D:1)
  3 jackals (D:2)
  7 kobolds
  3 frilled lizards
  3 rats
65 creatures vanquished.

Notes
Turn   | Place    | Note
-------+----------+-------------------------------------------
     0 | D:1      | GigaChad the Gnoll Hunter began the quest for the Orb.
     0 | D:1      | Reached XP level 1. HP: 20/20 MP: 1/1
    55 | D:1      | Reached XP level 2. HP: 26/26 MP: 2/2
    59 | D:1      | Found Antyonih's Jewellery Emporium.
   207 | D:1      | Reached XP level 3. HP: 31/31 MP: 3/3
   340 | D:1      | Reached skill level 1 in Invocations
   688 | D:2      | Found a faded altar of an unknown god.
   694 | D:2      | Prayed at the altar of an unknown god.
   694 | D:2      | Became a worshipper of Nemelex Xobeh the Trickster
   694 | D:2      | Reached * piety under Nemelex Xobeh
   920 | D:2      | Reached skill level 1 in Short Blades
   920 | D:2      | Reached skill level 1 in Long Blades
   920 | D:2      | Reached skill level 1 in Axes
   920 | D:2      | Reached skill level 1 in Maces & Flails
   920 | D:2      | Reached skill level 1 in Polearms
   920 | D:2      | Reached skill level 1 in Staves
   920 | D:2      | Reached skill level 1 in Throwing
   920 | D:2      | Reached skill level 1 in Armour
   920 | D:2      | Reached skill level 1 in Shields
   920 | D:2      | Reached skill level 1 in Unarmed Combat
   920 | D:2      | Reached skill level 1 in Spellcasting
   920 | D:2      | Reached skill level 1 in Evocations
   930 | D:2      | Found Licvotip's Distillery.
  1019 | D:2      | Received a gift from Nemelex Xobeh
  1139 | D:2      | Reached XP level 4. HP: 38/38 MP: 5/5
  1201 | D:2      | Reached ** piety under Nemelex Xobeh
  1772 | D:3      | Received a gift from Nemelex Xobeh
  1939 | D:3      | Reached skill level 1 in Conjurations
  1939 | D:3      | Reached skill level 1 in Hexes
  1939 | D:3      | Reached skill level 1 in Summonings
  1939 | D:3      | Reached skill level 1 in Necromancy
  1939 | D:3      | Reached skill level 1 in Translocations
  1939 | D:3      | Reached skill level 1 in Transmutations
  1939 | D:3      | Reached skill level 1 in Fire Magic
  1939 | D:3      | Reached skill level 1 in Ice Magic
  1939 | D:3      | Reached skill level 1 in Air Magic
  1939 | D:3      | Reached skill level 1 in Earth Magic
  1939 | D:3      | Reached skill level 1 in Poison Magic
  2155 | D:3      | Found a blossoming altar of Fedhas.
  2417 | D:4      | Slain by a gnoll bouda

Illustrated notes

Levels and vault maps discovered:
D:1:      psy_arrival_spokes, layout_loops_ring, serial_shops, shop
D:2:      layout_basic, dreamdust_ecumenical_altar_angels_and_demons,
          serial_shops, shop, minmay_misc_feat_encased
D:3:      layout_basic, lemuel_round_altar, st_stairs_8
D:4:      gammafunk_wand_slinger, layout_loops_corners,
          grunt_dithmenos_smoke_and_mirrors, serial_shops, shop_statue,
          uniq_menkaure

Skill      XL: |  1  2  3  4 |
---------------+-------------+-----
Invocations    | 1 |  1.5
Short Blades   | 1 |  1.3
Long Blades    | 1 |  1.3
Axes           | 1 |  1.3
Maces & Flails | 1 |  1.3
Polearms       | 1 |  1.3
Staves         | 1 |  1.3
Throwing       | 1 |  1.3
Armour         | 1 |  1.3
Shields        | 1 |  1.3
Unarmed Combat | 1 |  1.3
Spellcasting   | 1 |  1.3
Evocations     | 1 |  1.3
Conjurations   | 1 |  1.1
Hexes          | 1 |  1.1
Summonings     | 1 |  1.1
Necromancy     | 1 |  1.1
Translocations | 1 |  1.1
Transmutations | 1 |  1.1
Fire Magic     | 1 |  1.1
Ice Magic      | 1 |  1.1
Air Magic      | 1 |  1.1
Earth Magic    | 1 |  1.1
Poison Magic   | 1 |  1.1
Fighting       | |  4.7
Ranged Weapons | |  8.6
Dodging        | |  4.7
Stealth        | |  2.7

Action                   |  1- 3 |  4- 6 || total
-------------------------+-------+-------++-------
Melee: Short sword       |     1 |       ||     1
       Shortbow          |     1 |       ||     1
       Mace              |       |     6 ||     6
       Bite              |       |     2 ||     2
 Fire: Shortbow          |    74 |    77 ||   151
  Use: Scroll            |     5 |     1 ||     6
Armor: Leather armour    |     1 |    13 ||    14
Dodge: Dodged            |     3 |    38 ||    41
